 Dungeon Crawl Stone Soup version 0.28-a0-1002-gf00fe891ef (webtiles) character file.

Game seed: 8754119205431932436

653 fragbeetle the Chopper (level 7, -3/61 HPs)
             Began as a Minotaur Fighter on Dec 7, 2021.
             Was an Initiate of the Shining One.
             Slain by an ogre (29 damage)
             ... on level 4 of the Dungeon.
             The game lasted 00:09:16 (4300 turns).

fragbeetle the Chopper (Minotaur Fighter)           Turns: 4300, Time: 00:09:16

Health: -3/61      AC:  9    Str: 21    XL:     7   Next: 28%
Magic:  6/6        EV: 10    Int:  7    God:    the Shining One [......]
Gold:   138        SH:  4    Dex:  9    Spells: 6/6 levels left

rFire   . . .      SeeInvis .   a - +0 war axe
rCold   + . .      Faith    .   c - +0 buckler
rNeg    . . .      Spirit   .   t - +2 ring mail {rC+}
rPois   .          Reflect  .   (helmet restricted)
rElec   .          Harm     .   (no cloak)
rCorr   .          Rampage  .   (no gloves)
Will    .....                   r - +0 pair of boots
Stlth   ..........              u - amulet of the acrobat
HPRegen 0.20/turn               (no ring)
MPRegen 0.10/turn               (no ring)

@: mighty, glowing
A: horns 2, retaliatory headbutt
a: Renounce Religion


You were on level 4 of the Dungeon.
You worshipped the Shining One.
The Shining One was noncommittal.
You visited 1 branch of the dungeon, and saw 4 of its levels.

You collected 138 gold pieces.

Inventory:

Hand Weapons
 a - a +0 war axe (weapon)
 l - a +6 club
Missiles
 h - 5 javelins (quivered)
Armour
 b - a +0 scale mail
 c - a +0 buckler (worn)
 r - a +0 pair of boots (worn)
 t - a +2 ring mail of cold resistance (worn)
Jewellery
 u - an amulet of the acrobat (around neck)
Wands
 k - a wand of iceblast (8)
 s - a wand of flame (9)
Scrolls
 e - 3 scrolls of identify
 f - 2 scrolls of teleportation
 j - a scroll of blinking {unknown}
 m - a scroll of enchant armour {unknown}
 o - a scroll of fog {unknown}
 p - a scroll of enchant weapon {unknown}
 q - a scroll of acquirement {unknown}
Potions
 g - a potion of curing
 i - a potion of attraction {unknown}
 n - 2 potions of degeneration {unknown}


   Skills:
 + Level 5.3 Fighting
 + Level 6.7 Axes
 + Level 0.3 Throwing
 + Level 6.1 Armour
 - Level 0.4 Dodging
 + Level 4.8 Shields


You had 6 spell levels left.
You didn't know any spells.
Your spell library was empty.

Dungeon Overview and Level Annotations

Branches:
Dungeon (4/15)
 Temple: D:4-7

Altars:
Dithmenos
Fedhas
Wu Jian
The Shining One

Shops:
D:1 :   D:4 *


Innate Abilities, Weirdness & Mutations

You have a pair of horns on your head.
You reflexively headbutt those who attack you in melee.


Message History

You kill the giant cockroach!
Things that are here:
a +0 trident; a +0 robe
Found Nekimei's Assorted Antiques.
A dart slug comes into view.
An ogre comes into view. It is wielding a +0 giant club.
The ogre shouts!
The kobold brigand shouts!
The kobold brigand throws a poisoned dart.
You block the poisoned dart. The dart slug launches a dart at you.
The slug dart misses you.
The kobold brigand hits you but does no damage.
You barely miss the kobold brigand. You headbutt the kobold brigand.
The kobold brigand is lightly wounded.
The kobold brigand barely misses you.
You barely miss the kobold brigand.
The kobold brigand is lightly wounded.
The kobold brigand hits you with a +0 short sword.
You closely miss the kobold brigand.
The kobold brigand is lightly wounded.
You hit the ogre.
The kobold brigand hits you with a +0 short sword.
The ogre hits you with a +0 giant club!!
You slash the ogre!
The ogre is heavily wounded.
You closely miss the kobold brigand. You block the kobold brigand's attack.
The ogre hits you with a +0 giant club!
You barely miss the ogre.
The ogre is heavily wounded.
You closely miss the kobold brigand. You hit the dart slug.
The kobold brigand hits you with a +0 short sword.
The dart slug bites you. The ogre barely misses you. You furiously retaliate!
You headbutt the ogre, but do no damage.
The kobold brigand hits you but does no damage.
You feel better.
The dart slug bites you but does no damage.
The kobold brigand completely misses you.
You feel very mighty all of a sudden.
The ogre hits you with a +0 giant club!!
You die...

.P.................♣.......♣.....
..)........................#..##.
P#....<...........#♣.......♣##...
.....##.#......##..........# ###.
#...#.#......#..###♣.♣.♣#♣#♣ ##
#...#.......##....##.....#
#...#............##.)..##....
#..........w...#K#..#.........
#..........>...#@............#
####.#.........wO#......#....#
....#..........#....# ..
♣.............##
....O...#.........#.#
.....♣∩♣###.......# ...#...
#.......# .. .##♣ ......# ..
...#..


You could see a kobold brigand, an ogre and a dart slug.

Vanquished Creatures
  Eustachio (D:4)
  Duvessa (D:4)
  A scorpion (D:3)
  Dowan (D:4)
  A wight (D:4)
  A howler monkey (D:4)
  Jessica (D:2)
  An iguana (D:4)
  Ijyb (D:3)
  3 gnolls (D:4)
  6 adders
  An adder skeleton (D:4)
  A dart slug (D:3)
  An orc (D:4)
  7 bats
  5 endoplasms
  4 giant cockroaches
  4 goblins
  4 hobgoblins
  5 jackals
  6 quokkas
  3 ball pythons
  5 frilled lizards
  6 kobolds
  5 rats
75 creatures vanquished.

Vanquished Creatures (others)
  13 plants (D:4)
13 creatures vanquished.

Grand Total: 88 creatures vanquished

Notes
Turn   | Place    | Note
-------+----------+-------------------------------------------
     0 | D:1      | fragbeetle the Minotaur Fighter began the quest for the
                  | Orb.
     0 | D:1      | Reached XP level 1. HP: 19/19 MP: 0/0
   389 | D:1      | Reached XP level 2. HP: 27/27 MP: 1/1
   515 | D:1      | Found Niquivoc's Book Boutique.
  1198 | D:2      | Reached XP level 3. HP: 26/33 MP: 2/2
  1776 | D:2      | Noticed Jessica
  1780 | D:2      | Killed Jessica
  1781 | D:2      | Reached XP level 4. HP: 40/40 MP: 3/3
  1964 | D:3      | Found a shadowy altar of Dithmenos.
  2027 | D:3      | Found a blossoming altar of Fedhas.
  2047 | D:3      | Noticed a scorpion
  2052 | D:3      | Killed a scorpion
  2424 | D:3      | Noticed Ijyb
  2434 | D:3      | Killed Ijyb
  2435 | D:3      | Reached XP level 5. HP: 41/47 MP: 4/4
  2660 | D:3      | Found a faded altar of an unknown god.
  3009 | D:4      | Reached skill level 5 in Axes
  3208 | D:4      | Noticed Eustachio
  3223 | D:4      | Killed Eustachio
  3224 | D:4      | Reached skill level 5 in Armour
  3224 | D:4      | Reached XP level 6. HP: 32/55 MP: 5/5
  3389 | D:4      | Noticed Duvessa
  3389 | D:4      | Noticed Dowan
  3607 | D:4      | Reached skill level 5 in Fighting
  3887 | D:4      | Found a glowing golden altar of the Shining One.
  3890 | D:4      | Found an ornate altar of the Wu Jian Council.
  3896 | D:4      | Killed Dowan
  3897 | D:4      | Killed Duvessa
  3898 | D:4      | Reached XP level 7. HP: 28/61 MP: 6/6
  3916 | D:4      | Became a worshipper of the Shining One
  4285 | D:4      | Found Nekimei's Assorted Antiques.
  4300 | D:4      | Slain by an ogre

Illustrated notes

Levels and vault maps discovered:
D:1:      dpeg_arrival_tiny_b, layout_loops_corners, serial_shops,
          nicolae_diamond_shop
D:2:      layout_basic, uniq_jessica
D:3:      layout_basic, lemuel_crystal_altar, fedhas_altar_2,
          hellmonk_ecumenical_altar_prayer_group, kennysheep_generic_room_9,
          uniq_ijyb
D:4:      layout_cave_pools, gammafunk_temple_overflow_pools, serial_shops,
          nicolae_shop_trees, serial_forest, infiniplex_forest_lined_room_3,
          infiniplex_forest_lined_room_2, infiniplex_forest_clump_double,
          infiniplex_forest_clump_long, infiniplex_forest_clump_curved,
          infiniplex_forest_lined_room_3, infiniplex_forest_clump_diagonal,
          minmay_mini_jars, uniq_eustachio, uniq_duvessa

Skill      XL: |  1  2  3  4  5  6  7 |
---------------+----------------------+-----
Fighting       | 4 5 |  5.3
Armour         | 4 5 6 |  6.1
Shields        | 4 |  4.8
Axes           | 3 4 5 6 |  6.7
Throwing       | |  0.3
Dodging        | |  0.4

Action                   |  1- 3 |  4- 6 |  7- 9 || total
-------------------------+-------+-------+-------++-------
Melee: War axe           |    67 |    94 |    17 ||   178
       Headbutt          |     8 |    10 |     1 ||    19
Throw: Javelin           |       |     2 |       ||     2
  Use: Scroll            |       |     2 |       ||     2
       Potion            |       |       |     2 ||     2
Armor: Scale mail        |    38 |    41 |       ||    79
       Ring mail         |       |       |     6 ||     6
Dodge: Dodged            |    41 |    41 |    15 ||    97
Block: Buckler           |    17 |    31 |     2 ||    50

Table legend: (Time is in decaauts)
 A = Elapsed time spent in this place.
 B = Non-inter-level travel time spent in this place.
 C = Inter-level travel time spent in this place.
 D = Time resting spent in this place.
 E = Time spent auto-exploring this place.
 F = Levels seen in this place.
 G = Mean time per level.
                   A        B        C        D        E       F      G
               +--------+--------+--------+--------+--------+-----+--------+
         Total |   4353 |   4274 |     79 |    915 |   2402 |   4 | 1088.2 |
       Dungeon |   4353 |   4274 |     79 |    915 |   2402 |   4 | 1088.2 |
               +--------+--------+--------+--------+--------+-----+--------+

Top non-repeatable levels by time:
     D:3: 1416 daAuts
     D:2: 1020 daAuts
     D:4: 964 daAuts
     D:1: 951 daAuts
